AoeStats
← Chaac1706

Arabia

509199076Analyzed
1v1 RM · 7d ago on Sep 25, 2026· 42m 3s· 2 players
Game mode
Random Map
Map size
Tiny (2 player)
Population
200
Speed
Normal
Resources
Standard
Victory
Conquest
Starting age
Dark Age
Ending age
Imperial Age
RankedLock teamsTeams togetherTeam positionsShared explorationLock speedFull tech treeHidden civsTurbo modeCheats
Victory
Defeat
🇩🇪 Vikings · Germany
1165
+16
🇨🇴 Muisca · Colombia
1173
-16
[S&H] stellar
11:20 Feudal Age
15:46 Castle Age
16:07 Double-Bit Axe
18:06 Horse Collar
20:42 Town Watch
23:00 Bow Saw
23:21 Stone Mining
25:05 Fletching
25:24 Loom
26:53 Bodkin Arrow
29:49 Imperial Age
27:21 Gold Mining
29:14 Padded Archer Armor
29:16 Scale Mail Armor
29:27 Forging
29:50 Heavy Plow
30:06 Squires
30:52 Chain Mail Armor
32:08 Conscription
31:15 Elite Varangian Guard
33:04 Iron Casting
34:21 Plate Mail Armor
34:15 Arson
35:33 Blast Furnace
35:17 Gold Shaft Mining
35:45 Two-Man Saw
35:12 Town Patrol
36:39 Bracer
37:12 Onager
40:20 Chemistry
40:54 Siege Engineers
Chaac1706
5:41 Loom
5:47 Loom
8:58 Feudal Age
9:05 Champi Runner
11:08 Town Watch
13:59 Wheelbarrow
13:38 Double-Bit Axe
13:36 Horse Collar
16:22 Wheelbarrow
19:39 Castle Age
19:11 Scale Mail Armor
21:03 Bow Saw
22:37 Hand Cart
23:03 Thumb Ring
27:22 Fletching
27:07 Crossbowman
32:40 Imperial Age
30:40 Bodkin Arrow
31:07 Padded Archer Armor
33:23 Town Patrol
34:30 Arbalester
35:57 Ballistics
37:23 Chemistry
36:25 Bracer
38:41 Siege Engineers
39:06 Scale Mail Armor
39:22 Leather Archer Armor
39:40 Conscription
39:52 Huaracas
40:46 Herbalism
Connection lost

Rejoining the realm…

Still unreachable

The connection could not be restored.

Session expired

The server has moved on; the page needs a fresh start.